 Dungeon Crawl Stone Soup version 0.29.0-13-gc9e81de378 (webtiles) character file.

Game seed: 9997410970728886651

1260 nickcage the Spear-Bearer (level 8, -3/56 HPs)
             Began as a Merfolk Gladiator on Sept 7, 2022.
             Slain by an orc warrior
             ... wielding a +0 falchion
              (7 damage)
             ... on level 5 of the Dungeon.
             The game lasted 00:07:15 (5353 turns).

nickcage the Spear-Bearer (Merfolk Gladiator)       Turns: 5353, Time: 00:07:16

Health: -3/56      AC: 11    Str: 17    XL:     8   Next: 52%
Magic:  8/8        EV:  6    Int:  7    God:
Gold:   207        SH:  0    Dex: 15    Spells: 7/7 levels left

rFire   + + .      SeeInvis .   u - +9 glaive of Aclucef {vorpal, rPois rF+}
rCold   . . .      Faith    .   (shield currently unavailable)
rNeg    . . .      Spirit   .   H - +0 plate armour
rPois   +          Reflect  .   c - +0 helmet
rElec   .          Harm     .   (no cloak)
rCorr   .          Rampage  .   (no gloves)
Will    .....                   (no boots)
Stlth   ..........              (no amulet)
HPRegen 0.18/turn               n - ring of protection from fire
MPRegen 0.11/turn               (no ring)

@: no status effects
A: (nimble swimmer 2), mertail
a: no special abilities


You were on level 5 of the Dungeon.
You visited 2 branches of the dungeon, and saw 6 of its levels.

You collected 207 gold pieces.

Inventory:

Hand Weapons
 a - a +0 trident
 u - the +9 glaive of Aclucef (weapon) {vorpal, rPois rF+}
   (You found it on level 2 of the Dungeon)

   It inflicts extra damage upon your enemies.
   rF:        It protects you from fire.
   rPois:     It protects you from poison.
Missiles
 d - 3 throwing nets
 e - a javelin (quivered)
Armour
 b - a +0 leather armour
 c - a +0 helmet (worn)
 i - a +0 ring mail
 o - a +0 chain mail
 r - a +0 buckler
 H - a +0 plate armour (worn)
Jewellery
 f - a +6 ring of intelligence
 g - a ring of fire
 n - a ring of protection from fire (left hand)
 t - a +6 ring of strength
Wands
 y - a wand of flame (55)
 D - a wand of acid (4)
Scrolls
 h - 2 scrolls of immolation {unknown}
 k - 4 scrolls of identify {unknown}
 m - 3 scrolls of teleportation {unknown}
 p - a scroll of amnesia {unknown}
 q - 2 scrolls of magic mapping {unknown}
 v - a scroll of poison {unknown}
 z - a scroll of fog {unknown}
 B - a scroll of noise {unknown}
Potions
 j - 2 potions of lignification {unknown}
 l - 3 potions of heal wounds {unknown}
 s - a potion of magic {unknown}
 w - 2 potions of invisibility {unknown}
 x - 2 potions of berserk rage {unknown}
 A - 2 potions of brilliance {unknown}
 C - a potion of mutation {unknown}
 E - 2 potions of curing {unknown}
 F - a potion of flight {unknown}
 G - a potion of haste {unknown}


   Skills:
 - Level 2.1 Fighting
 + Level 13.4 Polearms
 - Level 2.0 Throwing
 - Level 4.0 Dodging


You had 7 spell levels left.
You didn't know any spells.
Your spell library was empty.

Dungeon Overview and Level Annotations

Branches:
Dungeon (5/15)             Temple (1/1) D:4

Altars:
Ashenzari
Cheibriados
Dithmenos
Fedhas
Gozag
Kikubaaqudgha
Nemelex Xobeh
Okawaru
Qazlal
Trog
Vehumet
Wu Jian
Yredelemnul
Zin
The Shining One


Innate Abilities, Weirdness & Mutations

((You are very nimble when in or above water. (Stealth+, EV+, Speed+++)))
Your lower body shifts to a powerful aquatic tail in water.


Message History

The puff of flame hits you but does no damage.
You resist. The orc warrior barely misses you.
You barely miss Blork the orc.
Blork the orc is heavily wounded.
Blork the orc barely misses you.
The orc warrior hits you with a +0 falchion!
You closely miss Blork the orc.
Blork the orc is heavily wounded.
Blork the orc points at you and mumbles some strange words.
The puff of frost hits you.
Blork the orc gestures at you while chanting.
The puff of flame hits you but does no damage.
You resist.
The orc warrior hits you but does no damage.
You slice Blork the orc!!
You kill Blork the orc!
The orc warrior hits you with a +0 falchion.
Your Polearms skill increases to level 13!
The orc warrior blocks your attack.
The orc warrior hits you but does no damage.
You slash the orc warrior!
The orc warrior is severely wounded.
The orc warrior hits you with a +0 long sword!
The orc warrior hits you with a +0 falchion.
You slice the orc warrior!!
You kill the orc warrior!
The orc warrior hits you with a +0 falchion!
* * * LOW HITPOINT WARNING * * *
You slice the orc warrior!!
The orc warrior is severely wounded.
The orc warrior hits you with a +0 falchion.
* * * LOW HITPOINT WARNING * * *
You closely miss the orc warrior.
The orc warrior is severely wounded.
The orc warrior hits you with a +0 falchion!
* * * LOW HITPOINT WARNING * * *
You closely miss the orc warrior.
The orc warrior is severely wounded.
The orc warrior hits you with a +0 falchion!
You die...

.......# # #..#
#.####### ..##.#.# #..#
#.# # .......# #..# #.#
#### ..##.#.# #..# #.#
##... .......#
.######..#######^# #....
†.######
.................# #....
..# #######..#########
#.... ....... #######..#
#########... ####...
.......@)# #......###.#
..#
.......o)..##.####......
## ####.......##.#
#####.# #..###..##.# #.#
#..#)#..##.#### #.. #.$
# ..##....# #.. # #..
..#####.## #.. # #.. ..#
#...## #.. # #.###.###..


You could see an orc warrior.

Vanquished Creatures
  A steam dragon (D:4)
  An orc warrior (D:5)
  An ogre (D:5)
  2 centaurs (D:5)
  Blork the orc (D:5)
  A necrophage (D:5)
  3 scorpions (D:5)
  A wight (D:5)
  2 hounds
  3 orc priests
  3 iguanas
  4 gnolls
  7 adders
  3 dart slugs
  A worm (D:2)
  16 orcs
  14 endoplasms
  6 goblins
  10 hobgoblins
  2 jackals (D:2)
  4 quokkas
  7 ball pythons
  7 bats
  4 frilled lizards (D:1)
  3 kobolds
  9 rats
116 creatures vanquished.

Vanquished Creatures (others)
  A plant (D:4)
1 creature vanquished.

Grand Total: 117 creatures vanquished

Notes
Turn   | Place    | Note
-------+----------+-------------------------------------------
     0 | D:1      | nickcage the Merfolk Gladiator began the quest for the Orb.
     0 | D:1      | Reached XP level 1. HP: 16/16 MP: 1/1
    10 | D:1      | Noticed a snapping turtle
    10 | D:1      | Noticed a six-headed hydra
    10 | D:1      | Noticed a lindwurm
    11 | D:1      | Noticed an anaconda
    11 | D:1      | Noticed a polar bear
   356 | D:1      | Reached XP level 2. HP: 19/22 MP: 2/2
   434 | D:1      | Reached skill level 5 in Polearms
   679 | D:1      | You fall into a shaft and drop 1 floor!
   742 | D:2      | Identified the +0 leather armour of Divine Intervention
                  | {rElec rCorr}
   751 | D:2      | Reached XP level 3. HP: 27/27 MP: 3/3
  1118 | D:1      | Found a faded altar of an unknown god.
  1730 | D:2      | Reached skill level 6 in Polearms
  1764 | D:2      | Identified the +9 glaive of Aclucef {vorpal, rPois rF+}
  1844 | D:2      | Found a blossoming altar of Fedhas.
  1885 | D:2      | Reached XP level 4. HP: 30/33 MP: 4/4
  2140 | D:3      | Found a shadowy altar of Dithmenos.
  2767 | D:3      | Reached skill level 7 in Polearms
  2830 | D:3      | Reached XP level 5. HP: 38/38 MP: 5/5
  3117 | D:4      | Found a staircase to the Ecumenical Temple.
  3126 | Temple   | Entered the Ecumenical Temple
  3709 | D:4      | Noticed a steam dragon
  3714 | D:4      | Killed a steam dragon
  3715 | D:4      | Reached skill level 9 in Polearms
  3715 | D:4      | Reached XP level 6. HP: 37/44 MP: 6/6
  4563 | D:5      | Entered Level 5 of the Dungeon
  4567 | D:5      | Reached skill level 10 in Polearms
  4567 | D:5      | Reached XP level 7. HP: 46/50 MP: 7/7
  4738 | D:5      | Reached skill level 11 in Polearms
  4974 | D:5      | Reached skill level 12 in Polearms
  4974 | D:5      | Reached XP level 8. HP: 56/56 MP: 8/8
  5337 | D:5      | Noticed Blork the orc
  5347 | D:5      | Killed Blork the orc
  5348 | D:5      | Reached skill level 13 in Polearms
  5353 | D:5      | Slain by an orc warrior

Illustrated notes

Levels and vault maps discovered:
D:1:      onia_arrival_zoo_common, layout_basic, basic_ecumenical_altar,
          minmay_bisected
D:2:      layout_rooms, basic_altar
D:3:      layout_basic, nicolae_dithmenos_the_darkroom
D:4:      layout_gridville, minmay_temple_entry_overgrown, st_stairs_5
D:5:      layout_loops_ring, st_stairs_11, sword_in_stone
Temple:   eino_temple_water

Skill      XL: |  1  2  3  4  5  6  7  8 |
---------------+-------------------------+-----
Polearms       | 5 6 7 9 10 12 13 | 13.4
Fighting       | |  2.1
Throwing       | |  2.0
Dodging        | |  4.0

Action                   |  1- 3 |  4- 6 |  7- 9 || total
-------------------------+-------+-------+-------++-------
Melee: Trident           |   104 |       |       ||   104
       Glaive            |     7 |    81 |    67 ||   155
Throw: Javelin           |       |     2 |     1 ||     3
Armor: Leather armour    |     9 |       |       ||     9
       Chain mail        |    17 |    32 |     4 ||    53
       Plate armour      |       |       |    17 ||    17
Dodge: Dodged            |    32 |    33 |    15 ||    80
Block: Buckler           |     2 |       |       ||     2
